 Dungeon Crawl Stone Soup version 0.31.0-12-g77e489cdc1 (webtiles) character file.

Game seed: 12957220488859192963

1554 Marvel the Cudgeller (level 8, 0/79 HPs)
             Began as a Troll Fighter on Feb 23, 2024.
             Was a Believer of Fedhas.
             Slain by an orc warrior
             ... wielding a +0 battleaxe
              (9 damage)
             ... on level 6 of the Dungeon.
             The game lasted 00:10:15 (4848 turns).

Marvel the Cudgeller (Troll Fighter)                Turns: 4848, Time: 00:10:15

Health: 0/79       AC:  5    Str: 27    XL:     8   Next: 57%
Magic:  7/7        EV:  9    Int: 10    God:    Fedhas [**....]
Gold:   22         SH:  7    Dex:  9    Spells: 7/7 levels left

rFire   . . .        G - +3 whip (freeze)
rCold   . . .        c - +0 kite shield
rNeg    . . .        b - +0 robe
rPois   .            (helmet restricted)
rElec   .            F - +0 cloak
rCorr   .            (gloves unavailable)
SInv    .            (boots unavailable)
Will    .....        (no amulet)
Stlth   +            l - +6 ring of intelligence
HPRegen 1.13/turn    E - ring of flight
MPRegen 0.10/turn

%: no passive effects
@: flying
A: large, unfitting armour, claws 3, regeneration 1, shaggy fur 1, tough skin 1
a: Renounce Religion, Wall of Briars


You were on level 6 of the Dungeon.
You worshipped Fedhas.
Fedhas was pleased with you.
You visited 1 branch of the dungeon, and saw 6 of its levels.
You also visited: Sewer.

You collected 262 gold pieces.
You spent 240 gold pieces at shops.

Inventory:

Hand Weapons
 a - a +0 flail
 j - a +0 dagger of speed
 G - a +3 whip of freezing (weapon)
Missiles
 u - 5 atropa-tipped darts (quivered)
 v - a throwing net
 w - 32 poisoned darts
Armour
 b - a +0 robe (worn)
 c - a +0 kite shield (worn)
 F - a +0 cloak (worn)
Jewellery
 l - a +6 ring of intelligence (left claw)
 q - an amulet of the acrobat
 t - an amulet of reflection
 y - a ring of resist corrosion
 E - a ring of flight (right claw)
Wands
 H - a wand of flame (18)
Scrolls
 e - 10 scrolls of identify
 h - 6 scrolls of teleportation
 k - a scroll of summoning {unknown}
 m - 2 scrolls of poison {unknown}
 n - a scroll of amnesia {unknown}
 p - a scroll of noise {unknown}
 r - a scroll of vulnerability {unknown}
 x - 2 scrolls of brand weapon {unknown}
 D - 2 scrolls of enchant armour
Potions
 d - 2 potions of might
 f - 4 potions of curing {unknown}
 g - a potion of haste {unknown}
 i - a potion of brilliance {unknown}
 o - 6 potions of degeneration {unknown}
 s - a potion of attraction {unknown}
 z - 2 potions of cancellation {unknown}
 A - 3 potions of magic {unknown}
 B - a potion of enlightenment {unknown}
 C - a potion of mutation {unknown}


   Skills:
 + Level 4.7 Fighting
 + Level 7.0 Maces & Flails
 + Level 0.4 Throwing
 + Level 5.3 Dodging
 + Level 1.0 Stealth
 + Level 2.8 Shields


You had 7 spell levels left.
You didn't know any spells.
Your spell library contained the following spells:

 Spells                   Type           Power      Damage    Failure   Level
 Magic Dart               Conj           0%         1d3       61%         1
 Blink                    Tloc           0%         N/A       75%         2
 Call Imp                 Summ           0%         N/A       75%         2
 Jinxbite                 Hex            0%         N/A       75%         2
 Yara's Violent Unravell  Hex/Alch       0%         3d3       100%        5
 Enfeeble                 Hex            0%         N/A       100%        7


Dungeon Overview and Level Annotations

Branches:
Dungeon (6/15)             Temple (0/1) D:4           Sewer (visited)

Altars:
Fedhas
Sif Muna

Shops:
D:6 ?


Innate Abilities, Weirdness & Mutations

You are too large for most types of armour.
You have claws for hands.
Your natural rate of healing is unusually fast.
You are covered in fur. (AC +1)
You have tough skin. (AC +1)


Message History

You block the orc warrior's attack.
The orc warrior attacks as it pursues you!
The orc warrior hits you with a +0 battleaxe!
The orc warrior attacks as it pursues you!
You block the orc warrior's attack.
The orc warrior attacks as it pursues you!
You block the orc warrior's attack.
The orc warrior attacks as it pursues you!
You block the orc warrior's attack.
The orc warrior attacks as it pursues you!
You block the orc warrior's attack.
The orc warrior attacks as it pursues you!
The orc warrior barely misses you.
The orc warrior hits you with a +0 battleaxe.
You start removing your amulet.
You continue taking off your amulet of reflection.
You block the orc warrior's attack.
You continue taking off your amulet of reflection.
You block the orc warrior's attack.
You continue taking off your amulet of reflection.
The orc hits you with a +0 dagger. The orc warrior closely misses you.
You continue taking off your amulet of reflection.
The orc hits you with a +0 dagger.
The orc warrior hits you with a +0 battleaxe!!
You finish taking off your amulet of reflection.
The orc warrior hits you with a +0 battleaxe!
* * * LOW HITPOINT WARNING * * *
The orc attacks as it pursues you! The orc barely misses you.
The orc warrior attacks as it pursues you!
You block the orc warrior's attack. The orc attacks as it pursues you!
You block the orc's attack.
The orc warrior attacks as it pursues you!
The orc warrior hits you with a +0 battleaxe!!
* * * LOW HITPOINT WARNING * * *
Okay, then.
The hound barks!
The orc warrior attacks as it pursues you!
The orc warrior hits you with a +0 battleaxe!
You die...
Fedhas appreciates your contribution to the ecosystem.

##)#.##....###.##..#
##....##...#.# #....##
#...#.###...####..#..##
######..##.###....##...#o(.#
...........#.#.#..##.#.#.#.#
##.........##.#o.#####.#.#.#
#<....∩...#.#..#..# #...# #
#.........###o#..####...##
.#######.####..@..#.#..#.)#
............h.8.8.....###....#
#######....##.....#.#.†#..#..#
#..##.###.#..####...##..#
#..###.# #..#..# ...# .# #.#
#.# .#..### #.#.# .# #.
#.#.#.#..# #.#.# # #.
..###....# ..#.. . #.# ..## .#
.#


You could see an orc warrior and a hound.

Vanquished Creatures
  Pikel (D:4)
  3 black bears
  3 lemures (D:4)
  2 kobold brigands
  A bullfrog (D:6)
  3 scorpions
  A crimson imp (D:4)
  A bombardier beetle (D:5)
  3 jellies
  A hound (D:6)
  3 iguanas
  7 adders
  A river rat (Sewer)
  A white imp (D:4)
  4 dart slugs
  2 ribbon worms
  2 orcs
  9 endoplasms
  6 giant cockroaches
  9 goblins
  4 hobgoblins
  2 jackals (D:1)
  16 kobolds
  10 quokkas
  6 ball pythons
  3 bats
  4 frilled lizards
  9 rats
117 creatures vanquished.

Vanquished Creatures (others)
  A kobold (Sewer)
1 creature vanquished.

Grand Total: 118 creatures vanquished

Notes
Turn   | Place    | Note
-------+----------+-------------------------------------------
     0 | D:1      | Marvel the Troll Fighter began the quest for the Orb.
     0 | D:1      | Reached XP level 1. HP: 22/22 MP: 0/0
    70 | D:1      | Reached XP level 2. HP: 27/29 MP: 1/1
   104 | D:1      | Reached skill level 2 in Maces & Flails
   564 | D:1      | Reached XP level 3. HP: 36/36 MP: 2/2
   962 | D:2      | Found a blossoming altar of Fedhas.
   993 | D:2      | Became a worshipper of Fedhas Madash
  1802 | D:3      | Reached XP level 4. HP: 44/44 MP: 3/3
  2195 | D:4      | Noticed a black bear
  2213 | D:4      | Killed a black bear
  2214 | D:4      | Reached skill level 3 in Maces & Flails
  2214 | D:4      | Reached XP level 5. HP: 37/53 MP: 4/4
  2228 | D:4      | Found a staircase to the Ecumenical Temple.
  2250 | D:4      | Reached * piety under Fedhas
  2282 | D:4      | Found a glowing drain.
  2286 | Sewer    | Entered a sewer
  2415 | Sewer    | Reached skill level 4 in Maces & Flails
  2441 | Sewer    | Reached XP level 6. HP: 21/61 MP: 5/5
  2772 | D:4      | Noticed Pikel
  2809 | D:5      | Entered Level 5 of the Dungeon
  2866 | D:5      | Reached ** piety under Fedhas
  2954 | D:5      | Found a shimmering blue altar of Sif Muna.
  3095 | D:5      | Reached XP level 7. HP: 53/68 MP: 6/6
  3280 | D:5      | Reached skill level 5 in Maces & Flails
  4098 | D:4      | Killed Pikel
  4099 | D:4      | Reached skill level 6 in Maces & Flails
  4099 | D:4      | Reached XP level 8. HP: 31/79 MP: 7/7
  4621 | D:6      | Found Nafaudus's Magic Scroll Shop.
  4642 | D:6      | Reached skill level 5 in Dodging
  4718 | D:6      | Bought a scroll of enchant weapon for 90 gold pieces
  4718 | D:6      | Bought a scroll of teleportation for 36 gold pieces
  4718 | D:6      | Bought a scroll of enchant armour for 90 gold pieces
  4718 | D:6      | Bought a scroll of identify for 24 gold pieces
  4763 | D:6      | Reached skill level 1 in Stealth
  4787 | D:6      | Reached skill level 7 in Maces & Flails
  4848 | D:6      | Slain by an orc warrior

Illustrated notes

Levels and vault maps discovered:
D:1:      lordsloth_arrival_two_stooges, layout_loops_corners,
          nicolae_figureground_sparkle
D:2:      layout_rooms, basic_altar, nicolae_concentric_dashed_squares_mild
D:3:      layout_loops_ring
D:4:      layout_loops_ring, minmay_temple_entry_large_hall,
          gup_sewer_entry_bowl, minmay_fire_ice_demons, uniq_pikel
D:5:      layout_basic, mainiacjoe_overflow_surrounded_room
D:6:      wad_crossroads, layout_rooms, serial_shops, shop

Skill      XL: |  1  2  3  4  5  6  7  8 |
---------------+-------------------------+-----
Maces & Flails | 2 3 4 6 7 |  7.0
Dodging        | 3 4 5 |  5.3
Fighting       | 3 4 |  4.7
Stealth        | 1 |  1.0
Throwing       | |  0.4
Shields        | |  2.8

Action                     |  1- 3 |  4- 6 |  7- 9 || total
---------------------------+-------+-------+-------++-------
  Melee: Flail             |   155 |   192 |   117 ||   464
         Whip              |       |       |    72 ||    72
  Throw: Dart              |       |     4 |     1 ||     5
    Use: Scroll            |       |       |     2 ||     2
   Stab: Held in net/web   |     1 |       |       ||     1
 Armour: Robe              |   115 |   117 |   126 ||   358
  Dodge: Dodged            |    85 |    41 |    73 ||   199
  Block: Kite shield       |    94 |   145 |   136 ||   375
         Reflection        |     1 |     3 |     5 ||     9
